AoeStats
← oveja83

Arabia

510067884Analyzed
3v3 RM · 2d ago on Sep 29, 2026· 40m 52s· 6 players
Game mode
Random Map
Map size
Normal (6 player)
Population
200
Speed
Normal
Resources
Standard
Victory
Conquest
Starting age
Dark Age
Ending age
Imperial Age
RankedLock teamsTeams togetherTeam positionsShared explorationLock speedFull tech treeHidden civsTurbo modeCheats
Victory
Defeat
🇵🇱 Chinese · Poland
1131
+12
🇸🇪 Franks · Sweden
1110
+13
🇨🇱 Mongols · Chile
955
+18
🇮🇳 Chinese · India
1056
-15
🇫🇷 Aztecs · France
1026
-14
🇭🇰 Persians · Hong Kong SAR China
1021
-14
JoeCuck
5:23 Loom
10:39 Feudal Age
11:10 Double-Bit Axe
11:08 Horse Collar
13:16 Wheelbarrow
16:08 Gold Mining
20:59 Castle Age
19:18 Stone Mining
20:29 Forging
20:20 Scale Mail Armor
21:20 Eagle Warrior
22:53 Bow Saw
24:05 Heavy Plow
27:13 Hand Cart
28:24 Chain Mail Armor
29:20 Iron Casting
35:00 Imperial Age
34:06 Stone Shaft Mining
34:07 Gold Shaft Mining
35:15 Elite Eagle Warrior
36:58 Blast Furnace
37:43 Chemistry
37:35 Garland Wars
39:19 Conscription
自古多情空餘恨
4:07 Loom
12:04 Feudal Age
12:39 Double-Bit Axe
20:05 Horse Collar
25:50 Castle Age
24:12 Stone Mining
24:35 Gold Mining
26:26 Bow Saw
26:18 Heavy Plow
26:06 Pikeman
Nonails
0:26 Loom
11:01 Feudal Age
11:28 Double-Bit Axe
11:24 Horse Collar
18:45 Castle Age
18:34 Bloodlines
18:30 Scale Barding Armor
20:03 Chain Barding Armor
20:11 Town Watch
21:01 Wheelbarrow
21:16 Bow Saw
22:13 Husbandry
23:22 Wheelbarrow
27:29 Forging
32:40 Fletching
33:26 Iron Casting
39:35 Imperial Age
37:06 Town Patrol
Pomazaki
0:31 Loom
10:18 Feudal Age
16:17 Castle Age
15:41 Double-Bit Axe
15:45 Horse Collar
18:18 Bow Saw
19:12 Heavy Plow
20:23 Gold Mining
21:29 Fletching
22:30 Gold Shaft Mining
23:52 Bodkin Arrow
25:40 Ballistics
26:37 Wheelbarrow
26:22 Padded Archer Armor
27:22 Leather Archer Armor
27:13 Squires
26:59 Arson
27:04 Pikeman
30:25 Scale Mail Armor
30:33 Stone Mining
31:26 Chain Mail Armor
31:42 Hand Cart
32:06 Town Watch
32:39 Forging
35:50 Imperial Age
35:57 Capped Ram
37:03 Conscription
36:50 Bracer
37:54 Chemistry
40:01 Rocketry
39:06 Elite Fire Lancer
40:25 Ring Archer Armor
41:14 Plate Mail Armor
40:51 Siege Ram
Hans Solo
9:48 Feudal Age
13:18 Forging
13:35 Scale Barding Armor
21:58 Castle Age
20:16 Gold Mining
20:13 Double-Bit Axe
23:32 Iron Casting
24:19 Chain Barding Armor
24:50 Husbandry
30:47 Wheelbarrow
31:28 Bow Saw
32:11 Hand Cart
34:43 Loom
38:21 Imperial Age
38:38 Town Watch
38:39 Loom
38:27 Cavalier
40:11 Blast Furnace
39:47 Plate Barding Armor
40:14 Paladin
oveja83
7:04 Loom
8:56 Feudal Age
10:48 Double-Bit Axe
10:48 Horse Collar
13:07 Town Watch
14:17 Forging
16:41 Scale Barding Armor
16:53 Bloodlines
17:52 Wheelbarrow
21:39 Castle Age
21:50 Gold Mining
22:36 Bow Saw
22:41 Husbandry
25:11 Fletching
25:53 Ballistics
26:31 Hand Cart
26:55 Bodkin Arrow
27:17 Heavy Plow
30:29 Padded Archer Armor
31:34 Leather Archer Armor
31:38 Thumb Ring
32:58 Chain Barding Armor
37:29 Masonry
39:55 Town Patrol
Connection lost

Rejoining the realm…

Still unreachable

The connection could not be restored.

Session expired

The server has moved on; the page needs a fresh start.